 Dungeon Crawl Stone Soup version 0.29.0-5-ge4962eb29e (webtiles) character file.

Game seed: 3199175051193112961

50 ProzacElf the Chopper (level 3, 31/31 HPs)
             Began as a Hill Orc Monk on Aug 28, 2022.
             Was a Believer of Wu Jian.
             Quit the game on level 3 of the Dungeon on Aug 29, 2022.
             The game lasted 00:03:49 (2043 turns).

ProzacElf the Chopper (Hill Orc Monk)               Turns: 2043, Time: 00:03:50

Health: 31/31      AC:  5    Str: 15    XL:     3   Next: 79%
Magic:  3/3        EV: 11    Int: 10    God:    Wu Jian [**....]
Gold:   150        SH:  0    Dex: 13    Spells: 2/2 levels left

rFire   . . .      SeeInvis .   a - +0 hand axe
rCold   . . .      Faith    .   (no shield)
rNeg    . . .      Spirit   .   g - +0 ring mail
rPois   +          Reflect  .   (no helmet)
rElec   .          Harm     .   (no cloak)
rCorr   .          Rampage  .   (no gloves)
Will    .....                   (no boots)
Stlth   +.........              (no amulet)
HPRegen 0.10/turn               e - ring of poison resistance
MPRegen 0.08/turn               (no ring)

@: no status effects
A: no striking features
a: Renounce Religion, Wall Jump


You were on level 3 of the Dungeon.
You worshipped Wu Jian.
Wu Jian was pleased with you.
You visited 1 branch of the dungeon, and saw 3 of its levels.

You collected 150 gold pieces.

Inventory:

Hand Weapons
 a - a +0 hand axe (weapon)
 m - a +0 trident
Armour
 b - a +0 robe
 g - a +0 ring mail (worn)
Magical Staves
 d - a staff of conjuration {!a}
Jewellery
 e - a ring of poison resistance (left hand)
Wands
 o - a wand of quicksilver (6)
Scrolls
 f - a scroll of noise {unknown}
 h - a scroll of teleportation {unknown}
 i - a scroll of silence {unknown}
 l - 3 scrolls of identify {unknown}
Potions
 c - a potion of ambrosia {!e}
 j - a potion of mutation {unknown}
 k - a potion of heal wounds {unknown}
 n - a potion of curing {unknown}
 p - a potion of lignification {unknown}


   Skills:
 - Level 3.6 Fighting
 + Level 5.2 Axes
 + Level 3.2 Dodging
 - Level 1.5 Stealth


You had 2 spell levels left.
You didn't know any spells.
Your spell library contained the following spells:

 Spells                   Type           Power      Damage    Failure   Level
 Foxfire                  Conj/Fire      0%         2x1d4     58%         1
 Conjure Flame            Conj/Fire      0%         6-21      92%         3
 Inner Flame              Hex/Fire       0%         N/A       92%         3
 Flame Wave               Conj/Fire      0%         2d4       100%        4


Dungeon Overview and Level Annotations

Branches:
Dungeon (3/15)

Altars:
Wu Jian


Message History

Health restored: 31 Thar be a stone staircase leadin' down 'ere.
Ye climb downwards.
Thar be a stone staircase leadin' up 'ere.
A ball python comes inta view.
Tha ball python closely misses ye. x2
Ye barely miss tha ball python.
Tha ball python bites ye but does nay damage.
Tha ball python grabs ye.
Tha ball python constricts ye.
Tha ball python misses ye.
Tha ball python constricts ye.
Ye take 1 damage, an' haf 30/31 hp.
Ye hit tha ball python.
Ye kill tha ball python!
Nay target in view!
Nay target in view!
HP restored.
A goblin comes inta view.
It be wieldin' a +0 dagger.
Tha goblin shouts!
Tha goblin moves outta view.
Health restored: 31 Ye barely miss tha goblin.
Tha goblin hits ye but does nay damage.
Ye hit tha goblin.
Ye kill tha goblin!
Nay target in view!
Nay target in view!
Nay target in view!
Nay target in view!
Thin's tha be 'ere: a +0 dagger; a goblin corpse Ye now haf 150 gold pieces (gain'd 7).
Found a faded altar o' an unknown god.
Thar be a shaft 'ere.
Thar be a faded altar o' an unknown god 'ere.
Ye cannae tell which god 'tis altar belongs ta.
Convert ta 'em anyway?
Wu Jian accepts yer prayer!
Tha Council welcomes ye!
Ye can now lightly attack monsters by movin' around 'em.
Ye can now perform airborne attacks.
Ye can now perform damagin' attacks by movin' towards foes.
Be ye sure ye want ta abandon 'tis character an' quit tha game? (Confirm wit' "aye".)

#.# ##### #.#
#.... #.# #.###
#.# #.#.. ###.#
#.#.# #...# #.#.#
#.#.# #.#..
#^#.##########.###
#@#............#..
####.###########..
#.# ### #.. #.##
#.# ###


There were no monsters in sight!

Vanquished Creatures
  A dart slug (D:2)
  4 bats
  5 endoplasms
  2 giant cockroaches
  4 goblins
  5 hobgoblins
  4 kobolds
  A quokka (D:1)
  8 ball pythons
  3 frilled lizards
  5 rats
42 creatures vanquished.

Notes
Turn   | Place    | Note
-------+----------+-------------------------------------------
     0 | D:1      | ProzacElf the Hill Orc Monk began the quest for the Orb.
     0 | D:1      | Reached XP level 1. HP: 19/19 MP: 1/1
   292 | D:1      | Reached XP level 2. HP: 20/26 MP: 2/2
  1039 | D:2      | You fall into a shaft and drop 1 floor!
  1046 | D:2      | Reached XP level 3. HP: 23/31 MP: 3/3
  1324 | D:2      | Reached skill level 5 in Axes
  2038 | D:3      | Found a faded altar of an unknown god.
  2042 | D:3      | Prayed at the altar of an unknown god.
  2042 | D:3      | Became a worshipper of the Wu Jian Council
  2042 | D:3      | Reached * piety under Wu Jian
  2042 | D:3      | Reached ** piety under Wu Jian
  2043 | D:3      | Quit the game

Illustrated notes

Levels and vault maps discovered:
D:1:      dpeg_arrival_simpleton_c, layout_basic, minmay_small_reverse_x
D:2:      layout_basic
D:3:      layout_basic, makhleb_altar_promises_db,
          hellmonk_ecumenical_altar_leap_of_faith, uniq_sigmund

Skill      XL: |  1  2  3 |
---------------+----------+-----
Dodging        | 3 |  3.2
Axes           | 5 |  5.2
Fighting       | |  3.6
Stealth        | |  1.5

Action                   || total
-------------------------++-------
Melee: Hand axe          ||   134
 Stab: Sleeping          ||     2
Armor: Ring mail         ||    61
       Robe              ||     2
Dodge: Dodged            ||    80
